 Dungeon Crawl Stone Soup version 0.25-a0-308-geac7954 (webtiles) character file.

Game seed: 11811129355662692330, levelgen mode: deterministic

46 OctopodeWizard the Sneak (level 3, -3/23 HPs)
             Began as an Octopode Wizard on Dec 22, 2019.
             Was an Initiate of Yredelemnul.
             Slain by a worker ant (7 damage)
             ... on level 1 of the Dungeon on Dec 23, 2019.
             The game lasted 00:25:21 (2643 turns).

OctopodeWizard the Sneak (Octopode Wizard)          Turns: 2643, Time: 00:25:22

Health: -3/23      AC:  1    Str:  6    XL:     3   Next: 68%
Magic:  7/7        EV: 13    Int: 20    God:    Yredelemnul [......]
Gold:   54         SH:  0    Dex: 11    Spells: 0/8 levels left

rFire    . . .     SeeInvis .   g - +0 dagger
rCold    . . .     Gourm    .   (no shield)
rNeg     . . .     Faith    .   a - +0 hat
rPois    .         Spirit   .   (no amulet)
rElec    .         Reflect  .   (no ring)
rCorr    .         Harm     .   (no ring)
MR       .....                  (no ring)
Stlth    +++.......             (no ring)
HPRegen  0.07/turn              (no ring)
MPRegen  0.10/turn              (no ring)
                                (no ring)
                                (no ring)

@: no status effects
A: almost no armour, stealthy swim, amphibious, 8 rings, constrict 8, camouflage
1, gelatinous body 1
a: Renounce Religion


You were on level 1 of the Dungeon.
You worshipped Yredelemnul.
Yredelemnul was noncommittal.
You were full.

You visited 1 branch of the dungeon, and saw 2 of its levels.

You collected 54 gold pieces.

Inventory:

Hand Weapons
 g - a +0 dagger (weapon)
Missiles
 d - 22 stones (quivered)
Armour
 a - a +0 hat (worn)
Jewellery
 e - an uncursed ring of magical power {unknown}
Scrolls
 b - 3 scrolls of blinking
 i - a scroll of fear {unknown}
 j - a scroll of remove curse {unknown}
 k - a scroll of enchant weapon {unknown}
Comestibles
 c - a ration
 f - 2 chunks of flesh


   Skills:
 + Level 1.3 Fighting
 - Level 2.0 Dodging
 + Level 3.5 Stealth
 + Level 3.3 Spellcasting
 + Level 1.8 Conjurations
 + Level 1.1 Summonings
 - Level 1.0 Translocations
 + Level 0.3 Air Magic


You couldn't memorise any spells.
You knew the following spells:

 Your Spells              Type           Power        Failure   Level  Hunger
a - Magic Dart            Conj           ##..         7%          1    None
b - Call Imp              Summ           #.......     13%         2    ##.....
c - Mephitic Cloud        Conj/Pois/Air  #.......     30%         3    ###....
d - Blink                 Tloc           N/A          14%         2    ##.....

Your spell library contained the following spells:

 Spells                   Type           Power        Failure   Level  Hunger
 Slow                     Hex            #.......     22%         2    ##.....
 Conjure Flame            Conj/Fire      #.......     28%         3    ###....


Dungeon Overview and Level Annotations

Branches:
Dungeon (2/15)

Altars:
Cheibriados
Xom
Yredelemnul
The Shining One

Annotations:
D:2 Jessica


Innate Abilities, Weirdness & Mutations

You cannot wear most types of armour.
You are very stealthy in the water. (Stealth+)
You are amphibious.
You can wear up to eight rings at the same time.
You can use your tentacles to constrict eight enemies at once.
Your skin changes colour to match your surroundings (Stealth+).
Your rubbery body absorbs attacks. (AC +1, EV +1)


Message History

You are too injured to fight recklessly!
You are too injured to fight recklessly!
You are too injured to fight recklessly!
You are too injured to fight recklessly!
You are too injured to fight recklessly!
You are too injured to fight recklessly!
You release your grip on the worker ant.
The worker ant misses you. The worker ant closely misses you.
You climb upwards.
There is a stone staircase leading down here.
You see here a goblin skeleton.
The worker ant closely misses you.
You see here a +0 club.
The worker ant misses you. The worker ant misses you. The worker ant bites you.
* * * LOW HITPOINT WARNING * * *
The worker ant bites you!
You die...
Your body rises from the dead as a mindless zombie.

#)###.##.####.# #.# #.##.#
#.# #.##.####.# #.# #.##.#
#.# #>........# #.# #.##.#
#.#
####.############.####.##.#
#.# #.# #...............#
#.# #.# #.#####......####
###.## #.# #.# ########
.....#####.######.#
##.............a@.#
#...###########..# #####
####


You could see a worker ant.

Vanquished Creatures
  An adder (D:2)
  A worm (D:2)
  A dart slug (D:2)
  2 leopard geckos (D:2)
  2 ball pythons (D:2)
  3 giant cockroaches
  6 goblins (D:1)
  3 hobgoblins (D:2)
  A quokka (D:2)
  5 bats (D:1)
  A frilled lizard (D:1)
  A kobold (D:2)
  2 rats
29 creatures vanquished.

Vanquished Creatures (collateral kills)
  A worm (D:2)
  A hobgoblin (D:2)
2 creatures vanquished.

Grand Total: 31 creatures vanquished

Notes
Turn   | Place    | Note
-------+----------+-------------------------------------------
     0 | D:1      | OctopodeWizard the Octopode Wizard began the quest for the
                  | Orb.
     0 | D:1      | Reached XP level 1. HP: 11/11 MP: 4/4
   806 | D:1      | Reached XP level 2. HP: 18/18 MP: 3/6
  1435 | D:2      | Reached skill level 1 in Fighting
  1556 | D:2      | Noticed Jessica
  1631 | D:2      | Reached XP level 3. HP: 18/23 MP: 7/7
  1635 | D:2      | Learned a level 2 spell: Call Imp
  1639 | D:2      | Learned a level 3 spell: Mephitic Cloud
  1650 | D:2      | Learned a level 2 spell: Blink
  2293 | D:2      | Found a glowing golden altar of the Shining One.
  2293 | D:2      | Found a shimmering altar of Xom.
  2294 | D:2      | Found a snail-covered altar of Cheibriados.
  2294 | D:2      | Found a basalt altar of Yredelemnul.
  2300 | D:2      | Became a worshipper of Yredelemnul the Dark
  2643 | D:1      | Slain by a worker ant

Levels and vault maps discovered:
D:1:      saegor_arrival_miasma, layout_loops_ring
D:2:      layout_basic, chequers_temple_overflow_statue_of_worship,
          first_ration, uniq_jessica

Skill      XL: |  1  2 |
---------------+-------+-----
Stealth        | 3 |  3.5
Fighting       | 1 |  1.3
Dodging        | |  2.0
Spellcasting   | |  3.3
Conjurations   | |  1.8
Summonings     | |  1.1
Translocations | |  1.0
Air Magic      | |  0.3

Action                   || total
-------------------------++-------
Melee: Unarmed           ||     6
       Constrict         ||     8
       Tentacles         ||     3
       Dagger            ||    29
 Cast: Magic Dart        ||    51
       Call Imp          ||    10
  Use: Scroll            ||     3
       Potion            ||     2
 Stab: Sleeping          ||     2
  Eat: Ration            ||     3
       Chunk             ||     1
Armor: Skin              ||     9
Dodge: Dodged            ||    67

Table legend:
 A = Non-vault XP
 B = Vault XP
 C = Vault XP percentage of total XP
 D = Non-vault monster count
 E = Vault monster count
 F = Vault count percentage of total count
                 A         B        C        D         E       F
            +---------+---------+-------+---------+---------+-------
      Total |      67 |       0 |   0.0 |      31 |       0 |   0.0
            +---------+---------+-------+---------+---------+-------
        D:1 |      21 |       0 |   0.0 |      14 |       0 |   0.0
        D:2 |      46 |       0 |   0.0 |      17 |       0 |   0.0
            +---------+---------+-------+---------+---------+-------
